 Dungeon Crawl Stone Soup version 0.22-a0-377-g846bec1 (webtiles) character file.

232 Alphaeus the Chopper (level 5, -3/47 HPs)
             Began as a Minotaur Chaos Knight on Apr 28, 2018.
             Slain by a hippogriff (4 damage)
             ... on level 2 of the Dungeon.
             The game lasted 00:01:10 (979 turns).

Alphaeus the Chopper (Minotaur Chaos Knight)         Turns: 979, Time: 00:01:10

Health: -3/47      AC:  5    Str: 16    XL:     5   Next: 73%
Magic:  4/4        EV: 12    Int:  9    God:    Xom [..*...]
Gold:   36         SH:  0    Dex: 11    Spells: 4/4 levels left

rFire    . . .     SeeInvis .   a - +0 hand axe (chaos)
rCold    . . .     Gourm    .   (no shield)
rNeg     . . .     Faith    .   b - +2 leather armour
rPois    .         Spirit   .   (helmet restricted)
rElec    .         Reflect  .   (no cloak)
rCorr    .         Harm     .   (no gloves)
MR       .....                  (no boots)
Stlth    +.........             (no amulet)
HPRegen  0.15/turn              (no ring)
MPRegen  0.09/turn              (no ring)

@: flying
A: retaliatory headbutt, horns 2
a: Renounce Religion


You were on level 2 of the Dungeon.
You worshipped Xom.
You were a toy of Xom.
You were not hungry.

You visited 1 branch of the dungeon, and saw 2 of its levels.

You collected 36 gold pieces.

Inventory:

Hand Weapons
 a - a +0 hand axe of chaos (weapon)
Armour
 b - a +2 leather armour (worn)
Scrolls
 e - a scroll of fog {unknown}
 f - a scroll of blinking {unknown}
 k - 2 scrolls of enchant weapon {unknown}
 l - 2 scrolls of teleportation {unknown}
Potions
 h - a potion of heal wounds {unknown}
 i - a potion of invisibility {unknown}
 j - a potion of cancellation {unknown}
Comestibles
 c - 7 rations
 g - 11 chunks of flesh


   Skills:
 + Level 4.7 Fighting
 * Level 5.7 Axes
 + Level 3.9 Armour
 + Level 2.9 Dodging


You had 4 spell levels left.
You didn't know any spells.

Dungeon Overview and Level Annotations

Branches:
Dungeon (2/15)

Altars:
Cheibriados


Innate Abilities, Weirdness & Mutations

You reflexively headbutt those who attack you in melee.
You have a pair of horns on your head.


Message History

The hippogriff bites you. The hippogriff pecks you. The hippogriff claws you.
You hit the hippogriff but do no damage.
Space bends around the hippogriff.
The hippogriff is almost dead.
The hippogriff bites you!
* * * LOW HITPOINT WARNING * * *
The hippogriff pecks you.
* * * LOW HITPOINT WARNING * * *
The hippogriff claws you but does no damage.
You feel more buoyant. The hippogriff barely misses you.
The hippogriff pecks you but does no damage.
The hippogriff closely misses you.
Okay, then.
You completely miss the hippogriff.
The hippogriff is almost dead.
The hippogriff bites you.
* * * LOW HITPOINT WARNING * * *
The hippogriff closely misses you. The hippogriff claws you.
You die...

##. ... ## .< .. ## ##
##.#.# .. .#..#....#
.#### .#......... .....
# ..#...%.†####.#.## ###
#.#.# #H@.......# ..###
#...# ####..###..
....#####..# #....#
##.........#####.##...#
##..............# ##..#
#.........##......##..#
#.#####...<######......#
##.# ##÷...### ######
##..####..#....#


You could see a hippogriff.

Vanquished Creatures
  2 ice beasts (D:2)
  An ooze (D:1)
  A dart slug (D:1)
  A leopard gecko (D:1)
  2 giant cockroaches (D:2)
  7 goblins
  2 hobgoblins
  7 jackals
  4 kobolds
  A quokka (D:2)
  3 bats
  6 rats (D:2)
37 creatures vanquished.

Notes
Turn   | Place    | Note
-------+----------+-------------------------------------------
     0 | D:1      | Alphaeus the Minotaur Chaos Knight began the quest for the Orb.
     0 | D:1      | Reached XP level 1. HP: 19/19 MP: 0/0
   242 | D:1      | Reached XP level 2. HP: 27/27 MP: 1/1
   246 | D:1      | Reached skill level 4 in Axes
   688 | D:1      | XOM: harmless Summ miscast
   691 | D:1      | XOM: harmless Conj miscast
   729 | D:2      | Found a snail-covered altar of Cheibriados.
   736 | D:2      | Reached XP level 3. HP: 33/33 MP: 2/2
   819 | D:2      | XOM: harmless Tmut miscast
   949 | D:2      | Noticed an ice beast
   959 | D:2      | Killed an ice beast
   959 | D:2      | Reached skill level 5 in Axes
   959 | D:2      | Reached XP level 4. HP: 26/41 MP: 3/3
   959 | D:2      | Reached XP level 5. HP: 30/47 MP: 4/4
   963 | D:2      | Noticed a hippogriff
   965 | D:2      | Killed an ice beast
   968 | D:2      | XOM: summons friendly crimson imp
   974 | D:2      | XOM: potion effect (heal wounds)
   979 | D:2      | HP: 1/47 [hippogriff (4)]
   979 | D:2      | Slain by a hippogriff

Vault maps used:
D:1:      minmay_arrival_jagged, serial_curves, eino_curves_02, eino_curves_03
D:2:      nicolae_overflow_crystal_walls

Skill      XL: |  1  2  3 |
---------------+----------+-----
Axes           | 4 5 |  5.7
Fighting       | 4 |  4.7
Armour         | 3 |  3.9
Dodging        | 2 |  2.9

Action                   |  1- 3 |  4- 6 || total
-------------------------+-------+-------++-------
Melee: Hand axe          |    82 |    13 ||    95
       Headbutt          |    12 |     2 ||    14
  Use: Potion            |       |     2 ||     2
 Stab: Confused          |     1 |       ||     1
       Petrified         |     4 |     5 ||     9
Armor: Leather armour    |    47 |     6 ||    53
Dodge: Dodged            |    43 |    11 ||    54

Table legend:
 A = Spawn XP
 B = Non-spawn XP
 C = Spawn XP percentage of total XP
 D = Spawn monster count
 E = Non-spawn monster count
 F = Spawn count percentage of total count
 G = Total turns spent on level
                    A         B        C        D         E        F      G
               +---------+---------+-------+---------+---------+-------+---------
         Total |       0 |     332 |   0.0 |       0 |      37 |   0.0 |   979
               +---------+---------+-------+---------+---------+-------+---------
           D:1 |       0 |      38 |   0.0 |       0 |      16 |   0.0 |   729
           D:2 |       0 |     294 |   0.0 |       0 |      21 |   0.0 |   250
               +---------+---------+-------+---------+---------+-------+---------
